 Dungeon Crawl Stone Soup version 0.28.0-53-g5a82cb258f (webtiles) character file.

Game seed: 6393411709005892291

450 Sin92 the Magician (level 6, -2/41 HPs)
             Began as a Demonspawn Hedge Wizard on July 15, 2022.
             Was a Believer of Nemelex Xobeh.
             Shot with an arrow by a centaur (16 damage)
             ... on level 5 of the Dungeon.
             The game lasted 00:09:29 (4551 turns).

Sin92 the Magician (Demonspawn Hedge Wizard)        Turns: 4551, Time: 00:09:29

Health: -2/41      AC:  4    Str: 12    XL:     6   Next: 74%
Magic:  6/11       EV: 12    Int: 16    God:    Nemelex Xobeh [**....]
Gold:   142        SH:  0    Dex: 12    Spells: 8/12 levels left

rFire   . . .      SeeInvis .   n - +0 whip (freeze)
rCold   . . .      Faith    .   (no shield)
rNeg    . . .      Spirit   .   b - +0 robe
rPois   .          Reflect  .   c - +0 hat
rElec   .          Harm     .   (no cloak)
rCorr   .          Rampage  .   (no gloves)
Will    .....                   (boots unavailable)
Stlth   ++........              (no amulet)
HPRegen 0.13/turn               (no ring)
MPRegen 0.12/turn               (no ring)

@: no status effects
A: hooves 3, molten scales 1
a: Renounce Religion, Draw Escape, Draw Destruction, Draw Summoning


You were on level 5 of the Dungeon.
You worshipped Nemelex Xobeh.
Nemelex Xobeh was pleased with you.
You visited 1 branch of the dungeon, and saw 5 of its levels.

You collected 142 gold pieces.

Inventory:

Hand Weapons
 a - a +0 dagger
 d - a +0 whip
 e - a +1 flail
 n - a +0 whip of freezing (weapon)
Armour
 b - a +0 robe (worn)
 c - a +0 hat (worn)
 g - a +0 scale mail
Jewellery
 k - a +4 ring of evasion
Wands
 l - a wand of iceblast (8)
 p - a wand of paralysis (8)
Scrolls
 f - a scroll of blinking {unknown}
 h - a scroll of identify
Potions
 i - a potion of might
 j - a potion of brilliance
 m - a potion of curing
 o - a potion of berserk rage {unknown}


   Skills:
 * Level 3.1 Maces & Flails
 + Level 1.4 Armour
 + Level 2.7 Dodging
 + Level 2.9 Stealth
 + Level 3.7 Spellcasting
 + Level 2.6 Conjurations
 - Level 1.0 Summonings
 + Level 2.4 Translocations


You had 8 spell levels left.
You knew the following spells:

 Your Spells              Type           Power      Damage    Failure   Level
a - Magic Dart            Conj           44%        1d5       6%          1
b - Blink                 Tloc           20%        N/A       10%         2
c - Slow                  Hex            12%        N/A       17%         1

Your spell library contained the following spells:

 Spells                   Type           Power      Damage    Failure   Level
 Call Imp                 Summ           6%         N/A       17%         2
 Conjure Flame            Conj/Fire      7%         6-21      30%         3
 Mephitic Cloud           Conj/Pois/Air  5%         N/A       36%         3


Dungeon Overview and Level Annotations

Branches:
Dungeon (5/15)             Temple (0/1) D:4

Altars:
Cheibriados
Elyvilon
Hepliaklqana
Nemelex Xobeh
Sif Muna
Uskayaw
Yredelemnul

Annotations:
D:5 Grinder


Innate Abilities, Weirdness & Mutations

You have hooves in place of feet.
You are partially covered in molten scales. (AC +2)


Message History

You hit the worm. You freeze the worm. You kick the worm.
You kill the worm!
No target in view!
Magic restored.
You see here a worm corpse.
A centaur comes into view.
A centaur is nearby!
A centaur is nearby!
The magic dart hits the centaur.
The centaur is lightly wounded.
The centaur shouts!
You hear a shout!
The centaur wields a +0 shortbow.
The centaur shoots an arrow.
The arrow misses you.
The magic dart hits the centaur but does no damage.
The centaur is lightly wounded.
The centaur shoots an arrow.
The arrow hits you!
Grinder comes into view.
The centaur shoots an arrow.
The arrow barely misses you.
The magic dart hits Grinder.
Grinder is lightly wounded.
The centaur shoots an arrow.
The arrow barely misses you.
The magic dart hits Grinder.
Grinder is lightly wounded.
Grinder blinks!
The magic dart hits Grinder.
Grinder is moderately wounded.
The centaur shoots an arrow.
The arrow hits you! Grinder hits you!
You writhe in agony.
You are too injured to fight recklessly!
You are too injured to fight recklessly!
You are too injured to fight recklessly!
You are too injured to fight recklessly!
You are too injured to fight recklessly!
You are too injured to fight recklessly!
You are too injured to fight recklessly!
You hit Grinder but do no damage. Your kick misses Grinder.
Grinder is moderately wounded.
The centaur shoots an arrow.
The arrow hits you!
You die...
Your body disappears without a glow.

... #c. #.# ...
#.# #.########
#<.......#
#@.#####.####
#.5##.......######
#...†.##.##.......
##.#####.#########
#...<...#
#########


You could see Grinder and a centaur.

Vanquished Creatures
  Sigmund (D:3)
  2 centaur skeletons (D:4)
  A jelly (D:4)
  A bullfrog skeleton (D:4)
  Jessica (D:3)
  A hound skeleton (D:4)
  A gnoll (D:1)
  3 adders
  2 worms
  2 dart slugs
  2 orcs (D:4)
  7 ball pythons
  8 endoplasms
  2 giant cockroaches
  5 goblins
  5 hobgoblins
  10 jackals
  9 kobolds
  A quokka (D:4)
  3 bats
  8 frilled lizards
  5 rats
80 creatures vanquished.

Notes
Turn   | Place    | Note
-------+----------+-------------------------------------------
     0 | D:1      | Sin92 the Demonspawn Hedge Wizard began the quest for the
                  | Orb.
     0 | D:1      | Reached XP level 1. HP: 13/13 MP: 4/4
    66 | D:1      | Reached skill level 1 in Translocations
   222 | D:1      | Gained mutation: You have large cloven feet. [demonic
                  | ancestry]
   222 | D:1      | Reached XP level 2. HP: 19/19 MP: 6/6
   279 | D:1      | Reached skill level 1 in Maces & Flails
   314 | D:1      | Gained mutation: You have hoof-like feet. [demonic
                  | ancestry]
   314 | D:1      | Reached XP level 3. HP: 13/24 MP: 7/7
  1567 | D:2      | Gained mutation: You have hooves in place of feet. [demonic
                  | ancestry]
  1567 | D:2      | Reached XP level 4. HP: 30/30 MP: 8/8
  1839 | D:3      | Noticed Sigmund
  1851 | D:3      | Killed Sigmund
  1852 | D:3      | Reached skill level 1 in Armour
  1852 | D:3      | Reached XP level 5. HP: 11/35 MP: 8/10
  1862 | D:3      | Found a faded altar of an unknown god.
  1877 | D:3      | Prayed at the altar of an unknown god.
  1877 | D:3      | Became a worshipper of Nemelex Xobeh the Trickster
  1877 | D:3      | Reached * piety under Nemelex Xobeh
  2354 | D:3      | Found a shimmering blue altar of Sif Muna.
  2355 | D:3      | Found a hide-covered altar of Uskayaw.
  2356 | D:3      | Found a snail-covered altar of Cheibriados.
  2517 | D:3      | Received a gift from Nemelex Xobeh
  2638 | D:3      | Found a hazy altar of Hepliaklqana.
  2716 | D:3      | Gained mutation: You are partially covered in molten
                  | scales. (AC +2) [demonic ancestry]
  2716 | D:3      | Reached XP level 6. HP: 37/41 MP: 11/11
  2767 | D:3      | Noticed Jessica
  2781 | D:3      | Killed Jessica
  3044 | D:3      | Found a basalt altar of Yredelemnul.
  3145 | D:4      | Learned a level 2 spell: Blink
  3147 | D:4      | Learned a level 1 spell: Slow
  4311 | D:4      | Reached ** piety under Nemelex Xobeh
  4317 | D:4      | Found a staircase to the Ecumenical Temple.
  4474 | D:5      | Entered Level 5 of the Dungeon
  4547 | D:5      | Noticed Grinder
  4551 | D:5      | Shot with an arrow by a centaur

Illustrated notes

Levels and vault maps discovered:
D:1:      tarquinn_simple_flora_water_d, layout_rooms
D:2:      layout_basic, basic_altar, minmay_diced_spiral
D:3:      layout_loops_ring, nicolae_overflow_quartered_altars,
          mainiacjoe_overflow_surrounded_room,
          dreamdust_ecumenical_altar_angels_and_demons, uniq_jessica,
          uniq_sigmund
D:4:      layout_basic, temple_statues
D:5:      layout_loops_cross, sigmund_army, uniq_grinder

Skill      XL: |  1  2  3  4  5  6 |
---------------+-------------------+-----
Translocations | 1 2 |  2.4
Maces & Flails | 1 2 3 |  3.1
Stealth        | 2 |  2.9
Dodging        | 2 |  2.7
Armour         | 1 |  1.4
Conjurations   | 2 |  2.6
Spellcasting   | |  3.7
Summonings     | |  1.0

Action                   |  1- 3 |  4- 6 || total
-------------------------+-------+-------++-------
Melee: Whip              |    43 |    21 ||    64
       Kick              |    21 |    25 ||    46
       Flail             |    48 |    78 ||   126
 Cast: Magic Dart        |    13 |    49 ||    62
  Use: Potion            |     3 |     3 ||     6
       Scroll            |     2 |     3 ||     5
 Stab: Sleeping          |     3 |     3 ||     6
Armor: Robe              |    21 |    31 ||    52
Dodge: Dodged            |    59 |    80 ||   139
